 Dungeon Crawl Stone Soup version 0.29.0-5-ge4962eb29e (webtiles) character file.

Game seed: 18278544238220700354

2399 ragingrage the Cleaver (level 9, -1/65 (70) HPs)
             Began as a Minotaur Gladiator on Aug 29, 2022.
             Slain by a gnoll sergeant
             ... wielding a +0 spear
              (5 damage)
             ... on level 7 of the Dungeon.
             The game lasted 00:08:41 (8576 turns).

ragingrage the Cleaver (Minotaur Gladiator)         Turns: 8576, Time: 00:08:42

HP:   -1/65 (70)    AC:  6    Str: 22    XL:     9   Next: 23%
MP:   8/8           EV: 13    Int:  5    God:
Gold: 278           SH:  0    Dex: 13    Spells: 8/8 levels left

rFire   . . .      SeeInvis .   E - +1 hand axe (elec)
rCold   . . .      Faith    .   (no shield)
rNeg    . . .      Spirit   .   r - +0 leather armour
rPois   +          Reflect  .   c - +0 hat
rElec   .          Harm     .   (no cloak)
rCorr   .          Rampage  .   m - +2 pair of gloves
Will    .....                   (no boots)
Stlth   +.........              (no amulet)
HPRegen 0.20/turn               A - ring of poison resistance
MPRegen 0.11/turn               (no ring)

@: drained
A: horns 2, retaliatory headbutt
a: no special abilities


You were on level 7 of the Dungeon.
You visited 2 branches of the dungeon, and saw 8 of its levels.
You also visited: Sewer.

You collected 278 gold pieces.

Inventory:

Hand Weapons
 a - a +0 war axe
 b - a +1 dagger of venom
 E - a +1 hand axe of electrocution (weapon)
Missiles
 d - 3 throwing nets (quivered)
 e - 3 javelins
 s - 7 boomerangs
 v - 12 poisoned darts
Armour
 c - a +0 hat (worn)
 m - a +2 pair of gloves (worn)
 r - a +0 leather armour (worn)
Jewellery
 h - a ring of ice
 A - a ring of poison resistance (left hand)
Wands
 x - a wand of paralysis (6)
 y - a wand of quicksilver (15)
 B - a wand of digging (4)
Scrolls
 f - 4 scrolls of immolation {unknown}
 g - 2 scrolls of amnesia {unknown}
 i - 5 scrolls of identify {unknown}
 o - 2 scrolls of noise {unknown}
 p - 5 scrolls of blinking {unknown}
 q - 5 scrolls of poison {unknown}
 u - a scroll of enchant armour {unknown}
 w - 2 scrolls of teleportation {unknown}
 C - a scroll of silence {unknown}
 H - a scroll of torment {unknown}
Potions
 j - 9 potions of curing {unknown}
 k - 4 potions of mutation {unknown}
 l - a potion of invisibility {unknown}
 n - a potion of might {unknown}
 t - 2 potions of brilliance {unknown}
 D - a potion of cancellation {unknown}
 F - a potion of attraction {unknown}
 G - 2 potions of lignification {unknown}


   Skills:
 + Level 3.4 Fighting
 + Level 14.2 Axes
 + Level 2.8 Throwing
 + Level 2.2 Armour
 + Level 4.0 Dodging


You had 8 spell levels left.
You didn't know any spells.
Your spell library contained the following spells:

 Spells                   Type           Power      Damage    Failure   Level
 Blink                    Tloc           0%         N/A       67%         2
 Ensorcelled Hibernation  Hex/Ice        0%         N/A       67%         2
 Passwall                 Tmut/Erth      0%         N/A       67%         2
 Swiftness                Air            0%         N/A       88%         3
 Fulminant Prism          Conj/Hex       0%         3d6       99%         4
 Iskenderun's Mystic Bla  Conj/Tloc      0%         2d3       99%         4
 Summon Lightning Spire   Summ/Air       0%         N/A       99%         4
 Lee's Rapid Deconstruct  Erth           0%         3d5*      100%        5
 Manifold Assault         Tloc           0%         N/A       100%        5
 Storm Form               Tmut/Air       0%         N/A       100%        7
 Maxwell's Capacitive Co  Air            0%         ∞         100%        8


Dungeon Overview and Level Annotations

Branches:
Dungeon (7/15)             Temple (1/1) D:6           Sewer (visited)

Altars:
Ashenzari
Cheibriados
Makhleb
Qazlal
Uskayaw
Vehumet
Wu Jian

Shops:
D:6 (   D:7 :

Annotations:
D:6 exclusion: 2 downstairs


Innate Abilities, Weirdness & Mutations

You have a pair of horns on your head.
You reflexively headbutt those who attack you in melee.


Message History

The gnoll sergeant hits you with a +0 spear.
The gnoll hits you with a +0 whip.
You barely miss the gnoll sergeant.
Your headbutt misses the gnoll sergeant.
The gnoll sergeant is lightly wounded.
You hit the gnoll. The gnoll misses you. The gnoll closely misses you.
You furiously retaliate!
You headbutt the gnoll!
You kill the gnoll!
The gnoll hits you but does no damage. The gnoll misses you.
The gnoll sergeant hits you with a +0 spear!
* * * LOW HITPOINT WARNING * * *
The gnoll attacks as you move away! The gnoll closely misses you.
The gnoll completely misses you. The gnoll misses you. You furiously retaliate!
You headbutt the gnoll. The gnoll sergeant closely misses you.
You see here a +0 whip.
You closely miss the gnoll sergeant.
You headbutt the gnoll sergeant, but do no damage.
The gnoll sergeant is lightly wounded.
You hit the gnoll. Lightning courses through the gnoll!!
You kill the gnoll!
The gnoll misses you.
The gnoll sergeant hits you with a +0 spear.
* * * LOW HITPOINT WARNING * * *
The gnoll completely misses you.
You hit the gnoll sergeant but do no damage.
You headbutt the gnoll sergeant.
The gnoll sergeant is moderately wounded.
You closely miss the gnoll.
The gnoll sergeant hits you with a +0 spear!
* * * LOW HITPOINT WARNING * * *
You closely miss the gnoll sergeant. You headbutt the gnoll sergeant!
The gnoll sergeant is heavily wounded.
You hit the gnoll but do no damage. The gnoll closely misses you.
You furiously retaliate!
You headbutt the gnoll! You hit the gnoll sergeant.
The gnoll sergeant is severely wounded.
You slash the gnoll!
You kill the gnoll!
The gnoll sergeant hits you with a +0 spear.
You die...

#.#####.#...#........~≈≈≈~..~.≈ ≈
#.......#.#..........~≈≈≈~..$~~≈
#########.............≈~≈≈~~#≈≈≈~
......).................~≈≈~~≈S..
#########)..............#≈~.~
........................# #
#######.)...............## .
.....###.......g)........###..#
................@)...........#
......(##.....)..)..........##
####^..##................#..#
#..####..............##...g. #..#
##.............# ..... ...#
##...........## g.... #....
############# .... ...... ....
#.#####


You could see a gnoll sergeant.

Vanquished Creatures
  Grinder (D:3)
  Eustachio (D:5)
  A steam dragon (D:7)
  Menkaure (D:6)
  A water moccasin (D:6)
  A sky beast (D:7)
  An ogre (D:5)
  2 centaurs (D:6)
  4 bullfrogs
  A kobold brigand (D:4)
  A necrophage (D:7)
  A scorpion (D:4)
  3 wights (D:7)
  A howler monkey (D:6)
  2 jellies
  4 hounds
  An orc priest (D:3)
  A gnoll bouda (D:6)
  4 iguanas
  3 orc wizards
  7 gnolls
  12 adders
  A shadow imp (D:4)
  A white imp (D:6)
  5 worms
  7 dart slugs (D:7)
  13 orcs
  9 endoplasms
  14 giant cockroaches
  3 goblins
  6 hobgoblins
  4 jackals (D:1)
  9 quokkas
  16 ball pythons
  8 bats
  13 frilled lizards
  5 kobolds
  3 rats
171 creatures vanquished.

Vanquished Creatures (others)
  A gnoll (D:6)
  An adder (D:6)
2 creatures vanquished.

Grand Total: 173 creatures vanquished

Notes
Turn   | Place    | Note
-------+----------+-------------------------------------------
     0 | D:1      | ragingrage the Minotaur Gladiator began the quest for the
                  | Orb.
     0 | D:1      | Reached XP level 1. HP: 18/18 MP: 0/0
   128 | D:1      | Reached skill level 4 in Axes
   268 | D:1      | Reached XP level 2. HP: 18/25 MP: 1/1
   906 | D:1      | Reached skill level 5 in Axes
  1128 | D:2      | Reached XP level 3. HP: 29/30 MP: 2/2
  2296 | D:3      | Reached skill level 6 in Axes
  2296 | D:3      | Reached XP level 4. HP: 37/37 MP: 3/3
  2317 | D:3      | Found a glowing drain.
  2337 | Sewer    | Entered a sewer
  2550 | Sewer    | Noticed a bullfrog
  2559 | Sewer    | Killed a bullfrog
  2560 | Sewer    | Reached skill level 7 in Axes
  2560 | Sewer    | Reached XP level 5. HP: 35/42 MP: 4/4
  3480 | D:3      | Noticed Grinder
  3497 | D:3      | Paralysed by Grinder for 3 turns
  3500 | D:3      | Killed Grinder
  3501 | D:3      | Reached skill level 9 in Axes
  3501 | D:3      | Reached XP level 6. HP: 5/50 MP: 5/5
  4066 | D:4      | Found a broken altar of Ashenzari.
  4203 | D:4      | Found a burning altar of Makhleb.
  4207 | D:4      | Reached XP level 7. HP: 55/56 MP: 6/6
  4553 | D:4      | Reached skill level 10 in Axes
  5046 | D:4      | Found an ornate altar of the Wu Jian Council.
  5140 | D:5      | Entered Level 5 of the Dungeon
  5194 | D:5      | Found a stormy altar of Qazlal.
  5209 | D:5      | Identified the +5 hand axe of Crawling {chaos, rPois rN+
                  | Str-5 SInv}
  5228 | D:5      | Noticed Eustachio
  5841 | D:5      | Killed Eustachio
  5842 | D:5      | Reached skill level 11 in Axes
  5951 | D:5      | Found a radiant altar of Vehumet.
  6420 | D:6      | Reached XP level 8. HP: 53/62 MP: 7/7
  6595 | D:6      | Found a snail-covered altar of Cheibriados.
  6595 | D:6      | Noticed Menkaure
  6601 | D:6      | Killed Menkaure
  6602 | D:6      | Reached skill level 12 in Axes
  6929 | D:6      | Found Vipnillu's Antique Weapon Shoppe.
  6949 | D:6      | Reached skill level 13 in Axes
  6992 | D:6      | Found a staircase to the Ecumenical Temple.
  7012 | Temple   | Entered the Ecumenical Temple
  7620 | D:7      | Found a hide-covered altar of Uskayaw.
  7768 | D:7      | Reached skill level 14 in Axes
  7782 | D:7      | Reached XP level 9. HP: 14/68 MP: 8/8
  8069 | D:7      | Reached skill level 1 in Armour
  8169 | D:7      | Found Caceob's Book Shop.
  8574 | D:7      | HP: 3/65 [gnoll sergeant/+0 spear (9)]
  8576 | D:7      | Slain by a gnoll sergeant

Illustrated notes

Levels and vault maps discovered:
D:1:      nzn_arrival_water_spiral, layout_loops_ring
D:2:      cheibrodos_helix_gallery, layout_basic, kennysheep_cluttered_room
D:3:      layout_basic, portal_sewer_entry_f, minmay_snake_closets, uniq_grinder
D:4:      layout_gridville, nicolae_wu_jian_immortal_techniques,
          makhleb_blood_cavern_becter, ashenzari_conservatory_becter
D:5:      layout_layer_cave, mainiacjoe_overflow_cross_hatched,
          kennysheep_mini_moat, minmay_misc_feat_plants, uniq_eustachio
D:6:      layout_rooms, lemuel_doored_altar, minmay_temple_entry_hall,
          serial_shops, nicolae_shop_behind_doors, lemuel_flame_loot_1,
          uniq_menkaure
D:7:      kennysheep_slugbush, layout_cave_pods,
          mainiacjoe_overflow_small_starburst, serial_shops,
          nicolae_inconvenience_store, enter_bailey_6, corexii_corridor_pit,
          chequers_serial_rivers_small_3, hangedman_decor_clover_reticule
Temple:   minmay_temple_bridge_abc

Skill      XL: |  1  2  3  4  5  6  7  8  9 |
---------------+----------------------------+-----
Axes           | 4 5 6 7 9 11 14 | 14.2
Armour         | 2 |  2.2
Fighting       | 3 |  3.4
Dodging        | 4 |  4.0
Throwing       | |  2.8

Action                   |  1- 3 |  4- 6 |  7- 9 || total
-------------------------+-------+-------+-------++-------
Melee: War axe           |    87 |   139 |    76 ||   302
       Headbutt          |    10 |    13 |    44 ||    67
       Hand axe          |       |       |   120 ||   120
       Punch             |       |       |     4 ||     4
       Dagger            |       |       |     2 ||     2
Throw: Throwing net      |       |     3 |     1 ||     4
       Javelin           |       |     1 |     1 ||     2
       Dart              |       |       |     7 ||     7
       Boomerang         |       |       |    49 ||    49
Evoke: Wand              |       |       |     1 ||     1
 Stab: Paralysed         |       |       |     2 ||     2
       Sleeping          |       |       |     1 ||     1
Armor: Leather armour    |    25 |    55 |    41 ||   121
Dodge: Dodged            |    60 |   112 |    98 ||   270
